 Dungeon Crawl Stone Soup version 0.31.0-2-g5a2aebc5c2 (webtiles) character file.

Game seed: 91502964631470931

1428336 Flugkiller the Green Death (level 26, 320/320 (330) HPs)
             Began as an Oni Hexslinger on Jan 20, 2024.
             Was a High Priest of Fedhas.
             Escaped with the Orb
             ... and 3 runes!
             The game lasted 03:10:48 (93475 turns).

Flugkiller the Green Death (Oni Hexslinger)        Turns: 93475, Time: 03:10:49

HP:   320/320 (330) AC: 29    Str: 27    XL:     26   Next: 82%
MP:   40/40         EV:  5    Int: 13    God:    Fedhas [*****.]
Gold: 5802          SH: 22    Dex: 11    Spells: 31/35 levels left

rFire   + + .        U - +8 demon whip (vamp)
rCold   + + .        j - +0 tower shield
rNeg    . . .        O - +5 gold dragon scales
rPois   +            (helmet restricted)
rElec   .            k - +1 cloak of Kivaips {rCorr Int+3}
rCorr   +            (gloves unavailable)
SInv    .            (boots unavailable)
Will    +++..        g - amulet of reflection Stlth
                     f - ring of protection from fire
HPRegen 0.73/turn    L - ring of willpower
MPRegen 0.27/turn

%: reflection
@: studying 2 skills, lightly drained
A: large, unfitting armour, horns 2, tough skin 1, double potion healing,
drunken brawling, cold resistance 1, dopey 2, robust 1, persistent drain
0: Orb of Zot
}: 3/15 runes: decaying, serpentine, slimy
a: Renounce Religion, Wall of Briars, Grow Ballistomycete, Overgrow, Grow Oklob


You escaped.
You worshipped Fedhas.
Fedhas was extremely pleased with you.
You visited 10 branches of the dungeon, and saw 50 of its levels.
You also visited: Sewer, Bailey and Gauntlet.

You collected 7485 gold pieces.
You spent 1683 gold pieces at shops.

Inventory:

Hand Weapons
 U - a +8 vampiric demon whip (weapon)
   (You found it on level 3 of the Lair of Beasts)
Missiles
 a - 16 javelins
 y - 4 throwing nets
 D - 50 large rocks (quivered)
 H - 5 curare-tipped darts
 J - 3 silver javelins
 N - 4 datura-tipped darts
 T - 16 boomerangs
Armour
 j - a +0 tower shield (worn)
   (You took it off Louise on level 1 of the Snake Pit)
 k - the +1 cloak of Kivaips (worn) {rCorr Int+3}
   (You acquired it on level 2 of the Vaults)

   Int+3:     It affects your intelligence (+3).
   rCorr:     It protects you from acid and corrosion.
 O - +5 gold dragon scales (worn)
   (You found it on level 1 of the Vaults)
 R - +2 storm dragon scales {Bai Suzhen}
   (You found it on level 3 of the Swamp)
Jewellery
 c - the ring "Hihy" {Fly rCorr Str+3}
   (You found it on level 5 of the Pits of Slime)

   [ring of resist corrosion]

   Str+3:     It affects your strength (+3).
   Fly:       It grants you flight.
   rCorr:     It protects you from acid and corrosion.
 e - the ring "Gafockub" {rC+ Str+2 Int-4 Dex+6 Stlth+}
   (You bought it in a shop on level 3 of the Dungeon)

   [ring of dexterity]

   Str+2:     It affects your strength (+2).
   Int-4:     It affects your intelligence (-4).
   Dex+6:     It affects your dexterity (+6).
   rC+:       It protects you from cold.
   Stlth+:    It makes you more stealthy.
 f - a ring of protection from fire (left hand)
   (You bought it in a shop on level 2 of the Orcish Mines)
 g - an amulet of reflection (around neck)
   (You found it on level 5 of the Lair of Beasts)
 i - a ring of see invisible
   (You found it on level 2 of the Dungeon)
 m - a ring of willpower
   (You found it on level 1 of the Dungeon)
 p - a +4 ring of protection
   (You bought it in a shop on level 3 of the Dungeon)
 L - a ring of willpower (right hand)
   (You found it on level 4 of the Snake Pit)
 M - a ring of positive energy
   (You found it in a Gauntlet)
Wands
 x - a wand of acid (26)
   (You found it on level 14 of the Dungeon)
 S - a wand of mindburst (39)
   (You found it on level 1 of the Snake Pit)
 V - a wand of charming (19)
   (You found it on level 4 of the Lair of Beasts)
 X - a wand of roots (43)
   (You found it on level 2 of the Lair of Beasts)
 Z - a wand of digging (14)
   (You found it on level 11 of the Dungeon)
Scrolls
 b - 4 scrolls of immolation
 l - 10 scrolls of fog
 t - 6 scrolls of teleportation
 z - 3 scrolls of blinking
 F - a scroll of fear
 I - 6 scrolls of vulnerability
 P - 4 scrolls of butterflies
 Q - 9 scrolls of poison
 Y - a scroll of silence
Potions
 d - 7 potions of might
 h - a potion of haste
 n - a potion of resistance
 q - 7 potions of curing
 r - a potion of ambrosia
 u - 2 potions of magic
 w - 8 potions of heal wounds
 B - 4 potions of cancellation
 C - 7 potions of enlightenment
 E - a potion of mutation
 G - 5 potions of berserk rage
Miscellaneous
 v - a phial of floods
   (You found it on level 3 of the Vaults)
 A - a lightning rod (4/4)
   (You found it on level 11 of the Dungeon)
 K - a box of beasts
   (You found it on level 3 of the Snake Pit)
 W - a tin of tremorstones (2/2)
   (You found it in a Gauntlet)


   Skills:
 + Level 24.2 Fighting
 - Level 12.0 Maces & Flails
 - Level 8.0 Polearms
 - Level 1.3 Ranged Weapons
 - Level 24.0 Throwing
 - Level 16.0 Armour
 - Level 7.0 Dodging
 - Level 14.0 Shields
 - Level 5.0 Spellcasting
 - Level 3.0 Hexes
 - Level 0.8 Fire Magic
 - Level 2.0 Air Magic
 - Level 4.0 Alchemy
 O Level 27 Invocations
 - Level 6.0 Evocations


You had 31 spell levels left.
You knew the following spells:

 Your Spells              Type           Power      Damage    Failure   Level
a - Jinxbite              Hex            22%        N/A       98%         2
b - Mercury Vapours       Alch/Air       22%        N/A       98%         2

Your spell library contained the following spells:

 Spells                   Type           Power      Damage    Failure   Level
 Sting                    Conj/Alch      32%        1d5       98%         1
 Shock                    Conj/Air       20%        1d4       99%         1
 Cigotuvi's Dreadful Rot  Necr/Alch/Air  16%        N/A       99%         2
 Apportation              Tloc           6%         N/A       100%        1
 Foxfire                  Conj/Fire      16%        2x1d4     100%        1
 Kiss of Death            Conj/Necr      12%        2d6       100%        1
 Magic Dart               Conj           12%        1d3       100%        1
 Necrotise                Necr           12%        1d4       100%        1
 Summon Small Mammal      Summ           12%        N/A       100%        1
 Ensorcelled Hibernation  Hex/Ice        14%        N/A       100%        2
 Lesser Beckoning         Tloc           6%         N/A       100%        2
 Searing Ray              Conj           6%         2d4       100%        2
 Static Discharge         Conj/Air       10%        3-4/arc   100%        2
 Confusing Touch          Hex            11%        N/A       100%        3
 Gell's Gravitas          Tloc           3%         N/A       100%        3
 Inner Flame              Hex/Fire       8%         N/A       100%        3
 Mephitic Cloud           Conj/Alch/Air  8%         N/A       100%        3
 Passwall                 Erth           3%         N/A       100%        3
 Sigil of Binding         Hex            11%        N/A       100%        3
 Stone Arrow              Conj/Erth      6%         3d7       100%        3
 Swiftness                Air            8%         N/A       100%        3
 Teleport Other           Tloc           3%         N/A       100%        3
 Tukima's Dance           Hex            11%        N/A       100%        3
 Animate Armour           Summ/Erth      6%         N/A       100%        4
 Cause Fear               Hex            5%         N/A       100%        4
 Dimensional Bullseye     Hex/Tloc       3%         N/A       100%        4
 Dispel Undead            Necr           3%         3d7       100%        4
 Fulminant Prism          Conj/Alch      4%         3d5       100%        4
 Ignite Poison            Fire/Alch      9%         N/A       100%        4
 Iskenderun's Mystic Bla  Conj/Tloc      3%         2d3       100%        4
 Olgreb's Toxic Radiance  Alch           13%        N/A       100%        4
 Passage of Golubria      Tloc           3%         N/A       100%        4
 Summon Blazeheart Golem  Fire/Summ      4%         N/A       100%        4
 Summon Lightning Spire   Summ/Air       5%         N/A       100%        4
 Vhi's Electric Charge    Tloc/Air       10%        N/A       100%        4
 Alistair's Intoxication  Alch           8%         N/A       100%        5
 Arcjolt                  Conj/Air       2%         1d12      100%        5
 Fireball                 Conj/Fire      2%         3d4       100%        5
 Freezing Cloud           Conj/Ice/Air   2%         6-21      100%        5
 Iskenderun's Battlesphe  Conj           3%         2d6       100%        5
 Silence                  Hex/Air        4%         N/A       100%        5
 Bombard                  Conj/Erth      1%         9d1       100%        6
 Plasma Beam              Fire/Air       3%         2x1d13    100%        6
 Starburst                Conj/Fire      2%         6d3       100%        6
 Monstrous Menagerie      Summ           1%         N/A       100%        7
 Orb of Destruction       Conj           1%         9d5       100%        7
 Ozocubu's Refrigeration  Ice            1%         4d7       100%        7
 Spellforged Servitor     Conj/Summ      1%         N/A       100%        7
 Discord                  Hex            5%         N/A       100%        8
 Disjunction              Tloc           1%         N/A       100%        8
 Lehudib's Crystal Spear  Conj/Erth      1%         10d2      100%        8
 Dragon's Call            Summ           1%         N/A       100%        9


Dungeon Overview and Level Annotations

Branches:
Dungeon (15/15)            Temple (0/1) D:5            Lair (5/5) D:8
  Swamp (4/4) Lair:2        Snake (4/4) Lair:3        Slime (5/5) Lair:4
    Orc (2/2) D:9             Elf (2/3) Orc:2        Vaults (4/5) D:14
  Crypt (0/3) Vaults:2     Depths (4/4) D:15            Zot (5/5) Depths:4
  Sewer (visited)          Bailey (visited)         Gauntlet (visited)

Altars:
Cheibriados
Dithmenos
Fedhas
Hepliaklqana
Kikubaaqudgha
Nemelex Xobeh
Qazlal
Ru
Trog
Vehumet
Wu Jian
Yredelemnul
Jiyva
Lugonu

Shops:
D:3 =   Orc:1 [   Orc:2 *=([   Snake:3 ((   Vaults:1 [(**   Depths:1 :
Depths:2 (*[

Portals:
Hell: Depths:1 Depths:2 Depths:3 Depths:4
Abyss: Depths:3 Depths:4
Pandemonium: Depths:2
Ziggurat: Depths:1
Trove: D:14 (show abyssal rune of Zot)

Annotations:
D:11 exclusion: ice statue
Lair:4 3 runed translucent doors, diceflayer's ghost, journeyman DsFi
Slime:5 1 exclusion
Zot:1 exclusion: downstairs
Zot:5 exclusion: orange crystal statue


Innate Abilities, Weirdness & Mutations

You are too large for most types of armour.
You have a pair of horns on your head.
You have tough skin. (AC +1)
You gain doubled healing and magic from potions.
Whenever you drink a healing potion, you attack all around you.
Your flesh is cold resistant. (rC+)
You are very dopey. (Int -4)
You are robust. (+10% HP)
Your health recovers twice as slowly from being drained.


Message History

a +0 scale mail; a +0 spear
Things that are here:
4 stones; a +0 whip
There is a stone staircase leading up here.
Tefuyfor gestures at you. A sentinel's mark forms upon you.
Tefuyfor gestures at you.
The bolt of dispelling energy hits you!!!
Your magical effects are unravelling.
You climb upwards.
The sentinel's mark upon you fades away.
There is a stone staircase leading down here.
You see here a +0 club.
Unknown command.
Unknown command.
Unknown command.
Unknown command.
A shadow demon comes into view.
There is a stone staircase leading up, spattered with blood here.
You climb upwards.
There is a stone staircase leading down here.
What level of the Dungeon? (default 9, ? - help)
There is a stone staircase leading up here.
You climb upwards.
There is a stone staircase leading down here.
There is an open door here.
There is a stone staircase leading up here.
You climb upwards.
There is a stone staircase leading down here.
There is a stone staircase leading up here.
You climb upwards.
There is a stone staircase leading down here.
There is a stone staircase leading up here.
You climb upwards.
There is a stone staircase leading down here.
You see here 4 stones.
You see here a +0 mace.
A tormentor comes into view.
There is a stone staircase leading up, spattered with blood here.
You climb upwards.
There is a stone staircase leading down here.
There is a stone staircase leading up here.
You savour every drop.
You feel better.
You savour every drop.
You feel better.
You savour every drop.
You feel better.
You savour every drop.
You feel better.
You climb upwards.
There is a stone staircase leading down here.
What level of the Dungeon? (default 1, ? - help)
You see here a +0 whip.
There is an open door here.
There is an open door here. 2 smoke demons come into view.
The smoke demon roars! x2
Unknown command.
Aiming: Dig
Press: ? - help, Shift-Dir - straight line A rock wall.
This square is covered in magical glow.
The rock shatters into small pieces.
The smoke demon gestures at you. Something smites you!
A cherub comes into view.
It is wielding a +4 scimitar of flaming.
There is a stone staircase leading up here.
You climb upwards.
There is a stone staircase leading down here.
What level of the Dungeon? (default 1, ? - help)
A green death comes into view.
Throw: 53 large rocks
Press: ? - help, Q - select action, (/) - cycle Shift-Dir - straight line, f - green death
Aim: a green death (82% to hit)
You throw a large rock. The large rock hits the green death!!!
The green death is severely wounded.
Throw: 52 large rocks
Press: ? - help, Q - select action, (/) - cycle Shift-Dir - straight line, f/p - green death
Aim: a green death (severely wounded, 82% to hit)
You throw a large rock. The large rock hits the green death!!
You kill the green death!
Fedhas accepts your kill.
An Orb Guardian comes into view.
Throw: 51 large rocks
Press: ? - help, Q - select action, (/) - cycle Shift-Dir - straight line, f - Orb Guardian
Aim: an Orb Guardian (69% to hit)
You throw a large rock. The large rock hits the Orb Guardian!!!
The Orb Guardian is heavily wounded.
You block the Orb Guardian's attack.
You thrash the Orb Guardian!!
The Orb Guardian is severely wounded.
You block the Orb Guardian's attack.
You whack the Orb Guardian!
You feel better.
You headbutt the Orb Guardian.
You kill the Orb Guardian!
Fedhas accepts your kill.
No target in view!
You see here 2 stones.
HP restored.
There is an open door here.
There is a staircase leading out of the dungeon here.
Unknown command.
Enter note: gg You have escaped!

#.# #.# #... #.#
#.# #.## ######
#.###.#. ##8.8###
#...)..# #......#
#####.#. #......#
#.## ##..8...#
#.## #8......####
#.## #@......'..#
#.#.
#8......##.####...
##..8...#.........
#......#.........
#......##########
##8.8### #####


There were no monsters in sight!

Vanquished Creatures
  the Royal Jelly (Slime:5)
  An ancient lich (Zot:5)
  2 dread liches (Zot:5)
  4 orbs of fire (Zot:5)
  Boris (Vaults:3)
  Bai Suzhen (Swamp:3)
  A Killer Klown (Zot:5)
  Vashnia (Snake:2)
  5 curse toes
  9 caustic shrikes
  12 golden dragons
  2 bone dragons
  Norris (Depths:2)
  2 electric golems (Zot:5)
  Mlioglotl (Snake:4)
  Jorgrun (Orc:1)
  Rupert (Snake:1)
  Asterion (Elf:2)
  13 tentacled monstrosities
  2 walking earthen tomes
  21 Orb Guardians
  3 titans (Depths:3)
  6 liches
  4 quicksilver dragons
  17 acid blobs
  6 sphinxes
  A walking divine tome (Depths:2)
  A deep elf blademaster (Elf:2)
  9 death cobs
  Aizul (Snake:1)
  13 shadow dragons
  A revenant (Vaults:2)
  4 tengu reavers
  14 storm dragons
  7 fire giants
  5 nagarajas
  5 protean progenitors
  11 rockslimes
  7 azure jellies
  3 draconian knights
  4 draconian shifters
  11 vault wardens
  14 frost giants
  2 balrugs
  An iron dragon (Depths:2)
  7 draconian scorchers
  3 ghost moths
  Louise (Snake:1)
  8 draconian stormcallers
  An orc warlord (Orc:2)
  A curse skull (Zot:2)
  3 spriggan defenders
  4 draconian annihilators
  7 quicksilver oozes
  10 very ugly things
  9 ironbound thunderhulks
  3 formless jellyfish
  A vampire knight (Depths:1)
  16 green draconians
  11 ironbound preservers
  14 stone giants
  A deep elf demonologist (Elf:1)
  A deep elf death mage (Elf:1)
  21 dire elephants
  4 bunyips
  8 white draconians
  7 black draconians
  4 eleionomae
  7 yellow draconians
  10 red draconians
  A minotaur (Gauntlet)
  3 spark wasps
  8 war gargoyles
  6 purple draconians
  A green death (D:1)
  7 ettins
  Snorg (Lair:4)
  2 blizzard demons (Zot:2)
  6 yaktaur captains
  20 fire dragons
  2 entropy weavers
  13 great orbs of eyes
  A hell beast (D:13)
  5 rakshasas
  3 salamander tyrants
  An ogre mage (D:14)
  12 ice dragons
  2 peacekeepers
  2 vault guards (Vaults:2)
  2 boulder beetles (Vaults:1)
  4 spriggan air magi
  17 hydras
  13 anacondas
  6 alligators
  A catoblepas (Lair:5)
  8 ironbound frosthearts
  A death knight (Vaults:2)
  3 centaur warriors
  A jorogumo (Zot:2)
  Erica (D:9)
  7 two-headed ogres
  25 naga sharpshooters
  9 naga warriors
  23 dancing weapons
  8 tengu warriors
  A titan zombie (Depths:1)
  9 deep troll earth magi
  3 death yaks
  4 deep troll shamans
  2 vampire magi
  An orc high priest (Orc:2)
  8 shock serpents
  2 occultists
  4 skysharks
  16 deep elf knights
  4 skeletal warriors
  7 spriggan berserkers
  20 hell knights
  2 salamander mystics
  10 iron trolls
  4 goliath frogs
  4 flayed ghosts
  3 glowing orange brains
  13 swamp dragons
  An orb spider (shapeshifter) (Elf:1)
  3 sea snakes (Snake:1)
  4 spriggan druids
  5 arcanists
  5 bog bodies
  9 naga ritualists
  52 deep trolls
  20 deep elf pyromancers
  16 mana vipers
  15 necromancers
  8 deep elf archers
  5 harpies (Vaults:2)
  14 lindwurms
  7 ironbound convokers
  A tengu skeleton (Vaults:3)
  2 orc sorcerers
  17 deep elf zephyrmancers
  4 orc knights
  6 shining eyes
  A frost giant zombie (Depths:1)
  A will-o-the-wisp (Swamp:2)
  6 cyclopes
  Maurice (Orc:2)
  16 salamanders
  36 ugly things
  A fire giant zombie (Depths:1)
  10 elephants
  3 meliai (D:14)
  2 kobold blastminers (Orc:2)
  51 black mambas
  16 vault sentinels
  5 torpor snails (Lair:5)
  A frost giant skeleton (Vaults:3)
  24 moths of wrath
  A gargoyle (D:14)
  17 naga magi
  5 guardian serpents (Snake:4)
  2 smoke demons (Depths:4)
  A torpor snail (shapeshifter) (Depths:1)
  A titan simulacrum (Depths:1)
  A spriggan zombie (Depths:1)
  4 centaur skeletons (D:14)
  3 unseen horrors
  4 rime drakes
  12 cane toads
  13 komodo dragons
  21 yaktaurs
  An efreet (D:14)
  5 tengu conjurers
  A troll (shapeshifter) (D:15)
  A red devil (Depths:4)
  5 polar bears
  3 trolls
  15 tyrant leeches
  21 hornets
  A tengu simulacrum (Vaults:4)
  4 blink frogs
  6 glass eyes
  2 human simulacra (Vaults:4)
  A glass eye (shapeshifter) (Depths:1)
  108 slime creatures
  A spriggan (shapeshifter) (Depths:3)
  12 spriggans
  An air elemental (Elf:1)
  2 vampires
  A wraith (D:9)
  3 wyverns
  19 water elementals
  A fire elemental (Elf:1)
  4 wargs
  9 basilisks
  5 golden eyes
  3 steam dragons (Lair:5)
  2 elf skeletons (Vaults:3)
  A redback (Vaults:3)
  15 vampire mosquitoes
  49 yaks
  A spriggan simulacrum (Depths:1)
  17 swamp worms
  2 acid dragons
  34 nagas
  15 water moccasins
  A water moccasin (shapeshifter) (D:15)
  2 glowing shapeshifter skeletons
  12 swamp drakes
  31 orc warriors
  A sky beast (D:8)
  A black bear (D:5)
  An ice beast (Vaults:4)
  13 wolves
  A boggart (D:14)
  11 ogres
  A human skeleton (Vaults:3)
  8 centaurs
  A phantom (D:6)
  A brain worm (Sewer)
  12 bullfrogs
  4 kobold brigands
  A glowing shapeshifter simulacrum (Vaults:4)
  4 scorpions
  3 earth elementals (Elf:1)
  A gnoll sergeant (D:10)
  36 killer bees
  7 electric eels
  4 howler monkeys
  2 lava snakes (Lair:3)
  20 orc priests
  2 hounds
  7 iguanas
  15 orc wizards
  6 hell rats
  14 adders
  8 gnolls
  An ufetubus (D:6)
  3 dart slugs
  3 ribbon worms
  68 orcs
  10 endoplasms
  5 giant cockroaches
  6 goblins
  11 hobgoblins
  3 jackals (D:2)
  6 quokkas
  10 ball pythons
  2 bats
  6 frilled lizards
  16 kobolds
  9 rats
  An aspiring flesh (Zot:2)
  4 ballistomycete spores
  A spectral weapon (Elf:2)
1957 creatures vanquished.

Vanquished Creatures (collateral kills)
  3 orbs of fire (Zot:5)
  2 Killer Klowns (Zot:5)
  2 golden dragons
  3 Orb Guardians (Zot:5)
  2 quicksilver dragons
  2 storm dragons
  2 protean progenitors (Zot:2)
  A black draconian (Zot:2)
  A jorogumo (Zot:2)
  2 satyrs (Zot:2)
  A spriggan druid (Lair:2)
  4 moths of wrath
  Joseph (D:8)
  A cane toad (D:8)
  2 hornets
  A spriggan (Swamp:3)
  A wraith (D:7)
  2 water moccasins (Lair:2)
  2 acid dragons
  An orc warrior (Orc:2)
  Pargi (Sewer)
  A gnoll sergeant (D:7)
  A howler monkey (D:7)
  An orc wizard (Orc:2)
  An adder (Sewer)
  3 gnolls (D:7)
  An orc (Orc:2)
  2 goblins (D:7)
  A frilled lizard (Sewer)
  89 ballistomycete spores
137 creatures vanquished.

Vanquished Creatures (others)
  2 thorn hunters (Swamp:3)
  A fire giant (Depths:4)
  A shambling mangrove (Swamp:4)
  An alligator (Swamp:3)
  A bog body (Swamp:3)
  A deep elf pyromancer (D:14)
  A rime drake (Gauntlet)
  A hellwing (Depths:3)
  2 bloated husks
  2 hornets (Swamp:4)
  A spriggan (Swamp:3)
  An ice beast (D:6)
  A kobold brigand (D:14)
  A bullfrog (Lair:4)
  A sleepcap (D:6)
  A shadow imp (D:6)
  An ufetubus (D:6)
  5 ballistomycete spores
  4 foxfires (Swamp:2)
29 creatures vanquished.

Grand Total: 2123 creatures vanquished

Notes
Turn   | Place    | Note
-------+----------+-------------------------------------------
     0 | D:1      | Flugkiller the Oni Hexslinger began the quest for the Orb.
     0 | D:1      | Reached XP level 1. HP: 19/19 MP: 2/2
   232 | D:1      | Reached XP level 2. HP: 16/29 MP: 3/3
   344 | D:1      | Learned a level 2 spell: Jinxbite
   906 | D:1      | Reached XP level 3. HP: 37/37 MP: 5/5
  1527 | D:2      | Found a blossoming altar of Fedhas.
  1549 | D:2      | Became a worshipper of Fedhas Madash
  1784 | D:2      | Reached XP level 4. HP: 48/48 MP: 7/7
  1907 | D:2      | Reached skill level 1 in Polearms
  2197 | D:2      | You fall into a shaft and drop 2 floors!
  2688 | D:3      | Reached * piety under Fedhas
  3064 | D:3      | Reached skill level 1 in Throwing
  3103 | D:3      | Found Fitteerph's Jewellery Shop.
  3314 | D:4      | Learned a level 2 spell: Mercury Vapours
  3337 | D:4      | Reached XP level 5. HP: 54/54 MP: 8/8
  4181 | D:3      | Reached ** piety under Fedhas
  4378 | D:4      | Reached skill level 1 in Air Magic
  4378 | D:4      | Reached skill level 1 in Alchemy
  4860 | D:4      | Reached XP level 6. HP: 29/62 MP: 8/10
  5486 | D:5      | Entered Level 5 of the Dungeon
  5539 | D:5      | Found a glowing drain.
  5585 | Sewer    | Entered a sewer
  5666 | Sewer    | Noticed Pargi
  5723 | Sewer    | Killed Pargi
  5731 | Sewer    | Reached XP level 7. HP: 38/70 MP: 2/13
  6108 | D:5      | Reached skill level 1 in Invocations
  6152 | D:5      | Reached skill level 2 in Invocations
  6484 | D:5      | Found a basalt altar of Yredelemnul.
  6597 | D:5      | Reached skill level 5 in Fighting
  6811 | D:5      | Found a staircase to the Ecumenical Temple.
  6819 | D:5      | Reached XP level 8. HP: 82/83 MP: 10/14
  7266 | D:6      | Reached *** piety under Fedhas
  7316 | D:6      | Found a snail-covered altar of Cheibriados.
  7520 | D:7      | Noticed a wraith
  7537 | D:7      | Reached skill level 3 in Invocations
  7540 | D:7      | Killed a wraith
  7562 | D:7      | Reached skill level 4 in Invocations
  7611 | D:7      | Found a flagged portal.
  7645 | Bailey   | Entered a bailey
  7673 | Bailey   | Reached skill level 5 in Invocations
  7673 | Bailey   | Reached XP level 9. HP: 47/96 MP: 9/15
  7811 | D:7      | Found a radiant altar of Vehumet.
  7811 | D:7      | Found a sparkling altar of Nemelex Xobeh.
  8067 | D:7      | Found a hazy altar of Hepliaklqana.
  8072 | D:7      | Found a shadowy altar of Dithmenos.
  8077 | D:7      | Found an ancient bone altar of Kikubaaqudgha.
  8080 | D:7      | Found a sacrificial altar of Ru.
  8088 | D:7      | Identified the +0 leather armour "Wuun Kobb" {rPois Str-4
                  | Int+4 Stlth+}
  8332 | D:7      | Reached skill level 5 in Polearms
  8701 | D:7      | Reached skill level 1 in Shields
  8886 | D:7      | Reached skill level 5 in Spellcasting
  9176 | D:7      | Reached XP level 10. HP: 76/109 MP: 11/17
  9249 | D:8      | Reached skill level 10 in Fighting
  9263 | D:8      | Reached skill level 5 in Shields
  9443 | D:8      | Reached **** piety under Fedhas
  9453 | D:8      | Noticed Joseph
  9666 | D:8      | Killed Joseph
 10380 | D:8      | Found a staircase to the Lair.
 10469 | D:8      | Noticed an elephant
 10479 | D:8      | Identified the +1 demon trident "Hellblazer" {vamp, rC+
                  | Will+ rCorr Dex+6 Stlth-}
 10836 | D:8      | Reached XP level 11. HP: 88/122 MP: 10/18
 11052 | D:9      | Noticed Erica
 11131 | D:9      | Killed Erica
 11205 | D:9      | Found a staircase to the Orcish Mines.
 11418 | D:9      | Found a stormy altar of Qazlal.
 11715 | D:3      | Bought a +4 ring of protection for 468 gold pieces
 11835 | D:10     | Entered Level 10 of the Dungeon
 12097 | D:9      | Reached skill level 6 in Invocations
 12284 | D:10     | Found a bloodstained altar of Trog.
 12479 | D:10     | Reached skill level 7 in Invocations
 12789 | D:10     | Reached ***** piety under Fedhas
 12983 | D:10     | Reached skill level 8 in Invocations
 13190 | D:11     | Noticed a skeletal warrior
 13260 | Lair:1   | Entered Level 1 of the Lair of Beasts
 13281 | D:8      | Reached skill level 5 in Throwing
 13995 | Lair:1   | Paralysed by a hornet for 3 turns
 14334 | Lair:1   | Reached XP level 12. HP: 123/133 MP: 19/19
 14479 | Lair:1   | You fall into a shaft and drop 1 floor!
 15063 | Lair:2   | Noticed a five-headed hydra
 15077 | Lair:2   | Killed a five-headed hydra
 16517 | Lair:2   | Found a staircase to the Swamp.
 16771 | Lair:3   | Reached skill level 10 in Throwing
 16835 | Lair:3   | Reached skill level 1 in Evocations
 16996 | Lair:3   | Found a staircase to the Snake Pit.
 17425 | Lair:3   | Noticed a skyshark
 17434 | Lair:3   | Killed a skyshark
 17435 | Lair:3   | Reached skill level 1 in Maces & Flails
 17444 | Lair:3   | Reached skill level 9 in Invocations
 17599 | Lair:3   | Reached XP level 13. HP: 125/146 MP: 8/20
 18122 | Lair:4   | Reached skill level 10 in Invocations
 18276 | Lair:4   | Found a runed translucent gate.
 18276 | Lair:4   | Found a runed translucent gate.
 18276 | Lair:4   | Found a runed translucent gate.
 18442 | Lair:4   | Found a staircase to the Slime Pits.
 18447 | Lair:4   | Found a viscous altar of Jiyva.
 18507 | Lair:4   | Noticed Snorg
 18530 | Lair:4   | Killed Snorg
 19414 | Lair:4   | Noticed diceflayer's ghost (journeyman DsFi)
 19448 | Lair:5   | Entered Level 5 of the Lair of Beasts
 19732 | Lair:5   | Reached skill level 5 in Maces & Flails
 20475 | Lair:5   | Reached skill level 15 in Fighting
 21187 | Lair:5   | Reached XP level 14. HP: 143/159 MP: 21/21
 21335 | Lair:5   | Paralysed by a hornet for 1 turns
 22358 | Lair:5   | Identified the +7 dagger of Focus {drain, +Blink Str+3
                  | Dex+5}
 22653 | Orc:1    | Entered Level 1 of the Orcish Mines
 22677 | Orc:1    | Noticed Jorgrun
 22684 | Orc:1    | Killed Jorgrun
 22685 | Orc:1    | Reached skill level 1 in Armour
 23138 | Orc:2    | Entered Level 2 of the Orcish Mines
 23213 | Orc:2    | Found a gate leading to a gauntlet.
 23222 | Gauntlet | Entered a Gauntlet
 23222 | Gauntlet | Found a transporter.
 23222 | Gauntlet | Found a transporter.
 23355 | Gauntlet | Found a transporter.
 23372 | Gauntlet | Noticed a dire elephant
 23373 | Gauntlet | Found a transporter.
 23373 | Gauntlet | Found a transporter.
 23373 | Gauntlet | Found a transporter.
 23375 | Gauntlet | Found a transporter.
 23375 | Gauntlet | Found a transporter.
 23389 | Gauntlet | Found a transporter.
 23404 | Gauntlet | Found a runed translucent gate.
 23405 | Gauntlet | Found a transporter.
 23405 | Gauntlet | Found a runed translucent gate.
 23406 | Gauntlet | Found a runed translucent gate.
 23415 | Gauntlet | Found a transporter.
 23429 | Gauntlet | Found a transporter.
 23449 | Gauntlet | Found a transporter.
 23465 | Gauntlet | Found a transporter.
 23504 | Gauntlet | Identified the +2 cloak "Baapnuejiw" {rPois rF- rCorr
                  | Int+4}
 23619 | Gauntlet | Killed a dire elephant
 23837 | Orc:2    | Found a staircase to the Elven Halls.
 24490 | Orc:2    | Noticed Maurice
 24521 | Orc:2    | Killed Maurice
 24928 | Orc:2    | Reached ****** piety under Fedhas
 24943 | Orc:2    | Noticed an orc warlord
 24970 | Orc:2    | Killed an orc warlord
 25074 | Orc:2    | Found Wosup's General Store.
 25220 | Orc:2    | Found Paumean's Antique Armour Shop.
 25361 | Orc:2    | Found Ubraim's Antique Weapon Shop.
 25375 | Orc:2    | Found Wiagabuk's Jewellery Shop.
 25531 | Orc:1    | Found Geibaits's Antique Armour Shoppe.
 25753 | Orc:2    | Bought an ancient cloak for 209 gold pieces
 25753 | Orc:2    | Identified the +2 cloak of Boiling Hail {rF+ rC- Int+6}
                  | (You bought it in a shop on level 2 of the Orcish Mines)
 25912 | D:3      | Bought the ring "Gafockub" {rC+ Str+2 Int-4 Dex+6 Stlth+}
                  | for 631 gold pieces
 26440 | D:11     | Reached skill level 10 in Maces & Flails
 26641 | D:11     | Reached XP level 15. HP: 126/170 MP: 22/22
 27072 | D:11     | Identified the ring of Saustrata {*Corrode AC+4 Int+3
                  | Dex+3}
 27099 | D:11     | Identified the +7 lajatang "Hahuyb" {freeze, rElec rPois
                  | rCorr SInv}
 27367 | D:12     | Noticed Sonja
 27370 | D:12     | Sonja changed into Sonja the blink frog
 27370 | D:12     | Noticed Sonja
 27382 | D:12     | Killed Sonja the blink frog
 27896 | D:12     | Reached skill level 5 in Armour
 28285 | D:13     | Noticed Nessos
 28290 | D:13     | Nessos changed into Nessos the entropy weaver
 28290 | D:13     | Noticed Nessos
 28308 | D:13     | Killed Nessos the entropy weaver
 29127 | D:14     | Reached skill level 5 in Dodging
 29458 | D:14     | Found a portal to a secret trove of treasure.
 30013 | D:14     | Reached skill level 5 in Evocations
 30379 | D:14     | Found a gate to the Vaults.
 30462 | D:15     | Entered Level 15 of the Dungeon
 30747 | D:15     | Found an ornate altar of the Wu Jian Council.
 31426 | D:15     | Found a staircase to the Depths.
 31786 | Snake:1  | Entered Level 1 of the Snake Pit
 31954 | Snake:1  | Reached XP level 16. HP: 136/179 MP: 23/23
 31963 | Snake:1  | Noticed Louise
 32117 | Snake:1  | Killed Louise
 32417 | Snake:1  | Noticed Rupert
 32563 | Snake:1  | Killed Rupert
 32578 | Snake:1  | Identified the serpent talisman "Sudecag" {rN+ rCorr Int+3}
 32578 | Snake:1  | Noticed Aizul
 32599 | Snake:1  | Killed Aizul
 33992 | Snake:2  | Noticed Vashnia
 34644 | Snake:2  | Reached skill level 11 in Invocations
 35219 | Snake:2  | Killed Vashnia
 35657 | Snake:3  | Found Mapiosov's Antique Weapon Shoppe.
 35747 | Snake:3  | Found Zypotorei's Antique Weapon Emporium.
 35935 | Snake:3  | Noticed a nagaraja
 36203 | Snake:3  | Identified the ring of Ymosuh {rF+ EV+5 Str+4 Slay-6}
 36541 | Snake:3  | Killed a nagaraja
 37081 | Snake:3  | Noticed a nagaraja
 37210 | Snake:3  | Killed a nagaraja
 37230 | Snake:3  | Reached skill level 12 in Invocations
 37407 | Snake:3  | Reached XP level 17. HP: 127/179 MP: 26/26
 38472 | Snake:3  | Reached skill level 10 in Shields
 38926 | Snake:4  | Entered Level 4 of the Snake Pit
 39357 | Snake:4  | Noticed Mlioglotl
 39373 | Snake:4  | Killed Mlioglotl
 39993 | Snake:4  | Reached skill level 13 in Invocations
 41972 | Snake:4  | Reached XP level 18. HP: 195/206 MP: 28/28
 42264 | Snake:4  | Reached skill level 14 in Invocations
 42350 | Snake:4  | Got a serpentine rune of Zot
 42616 | Swamp:1  | Entered Level 1 of the Swamp
 43157 | Swamp:1  | Identified the orb "Uridoidd" {guile, Harm ^Drain rF+}
 43496 | Swamp:2  | Reached skill level 15 in Throwing
 44426 | Swamp:3  | Noticed a tentacled monstrosity
 44452 | Swamp:2  | Killed a tentacled monstrosity
 44952 | Swamp:3  | Noticed Bai Suzhen
 44987 | Swamp:3  | Killed Bai Suzhen
 45364 | Swamp:4  | Entered Level 4 of the Swamp
 47177 | Swamp:4  | Got a decaying rune of Zot
 47439 | Swamp:4  | Reached XP level 19. HP: 218/219 MP: 29/29
 47785 | Elf:1    | Entered Level 1 of the Elven Halls
 48939 | Elf:1    | Got the Reference Book on the Familiar
 49960 | Elf:2    | Noticed Asterion
 50260 | Elf:2    | Found a runed translucent gate.
 50261 | Elf:2    | Found a runed translucent gate.
 50261 | Elf:2    | Found a runed translucent gate.
 50467 | Elf:2    | Killed Asterion
 52497 | Vaults:1 | Entered Level 1 of the Vaults
 53213 | Vaults:1 | Found Boop's Weapon Shop.
 53565 | Orc:2    | Bought a ring of protection from fire for 375 gold pieces
 53828 | Vaults:1 | Found Jusemuv's Assorted Antiques.
 53840 | Vaults:1 | Found Jinetz's Weapon Emporium.
 53945 | Vaults:1 | Found a transporter.
 53945 | Vaults:1 | Found Deurgh's Assorted Antiques.
 53947 | Vaults:1 | Found a transporter.
 54163 | Vaults:1 | Reached XP level 20. HP: 212/228 MP: 30/30
 54544 | Vaults:1 | Noticed a golden dragon
 55071 | Vaults:1 | Found Kupn's Armour Boutique.
 55125 | Vaults:1 | Reached skill level 10 in Armour
 55302 | Vaults:1 | Killed a golden dragon
 55659 | Vaults:2 | Identified a scroll of acquirement
 55852 | Vaults:2 | Found a staircase to the Crypt.
 57377 | Vaults:2 | Acquired the +1 cloak of Kivaips {rCorr Int+3}
 57384 | Vaults:2 | Acquired 772 gold pieces
 58072 | Vaults:3 | Paralysed by a formless jellyfish for 1 turns
 58310 | Vaults:3 | Reached XP level 21. HP: 227/237 MP: 31/31
 59587 | Vaults:3 | Paralysed by a formless jellyfish for 1 turns
 59873 | Vaults:4 | Noticed Boris
 59900 | Vaults:3 | Killed Boris
 60623 | Vaults:4 | Identified the +4 dire flail of Gloom {freeze, Int+4}
 61476 | Depths:1 | Entered Level 1 of the Depths
 61541 | Depths:1 | Found a one-way gateway to a ziggurat.
 62447 | Depths:1 | Found Xasycif's One-of-a-Kind Books.
 63103 | Depths:1 | Reached XP level 22. HP: 254/254 MP: 32/32
 63290 | Depths:1 | Found a gateway to Hell.
 63299 | Depths:1 | Noticed a golden dragon
 63373 | Depths:1 | Killed a golden dragon
 63564 | Depths:1 | Got the Handbook of Vapourous Direction
 65849 | Depths:2 | Found Rats's Antique Weapon Boutique.
 65853 | Depths:2 | Found Zass's Assorted Antiques.
 65854 | Depths:2 | Found Vusiof's Antique Armour Boutique.
 65872 | Depths:2 | Noticed Norris
 65894 | Depths:2 | Killed Norris
 65941 | Depths:2 | Reached skill level 15 in Invocations
 66613 | Depths:2 | Found a one-way gate leading to the halls of Pandemonium.
 67882 | Depths:3 | Reached skill level 16 in Invocations
 68034 | Depths:3 | Found a corrupted altar of Lugonu.
 68035 | Depths:3 | Found a one-way gate to the infinite horrors of the Abyss.
 68105 | Depths:3 | Noticed a golden dragon
 68136 | Depths:3 | Killed a golden dragon
 68137 | Depths:3 | Reached XP level 23. HP: 90/238 MP: 35/35
 68599 | Depths:3 | Noticed a golden dragon
 68619 | Depths:3 | Killed a golden dragon
 68993 | Depths:3 | Noticed a golden dragon
 68993 | Depths:3 | Noticed a golden dragon
 68997 | Depths:3 | Noticed a caustic shrike
 69679 | Depths:3 | Killed a caustic shrike
 69917 | Depths:3 | Killed a golden dragon
 70124 | Depths:3 | Killed a golden dragon
 70125 | Depths:3 | Reached skill level 17 in Invocations
 70467 | Depths:3 | Identified the +1 spear of the Morning {flame, SInv}
 70628 | Depths:4 | Entered Level 4 of the Depths
 71090 | Depths:4 | Noticed a caustic shrike
 71090 | Depths:4 | Noticed a caustic shrike
 71092 | Depths:4 | Noticed a caustic shrike
 71123 | Depths:4 | Found a radiant altar of Vehumet.
 71832 | Depths:4 | Reached skill level 18 in Invocations
 72054 | Depths:4 | Killed a caustic shrike
 72247 | Depths:3 | Killed a caustic shrike
 72794 | Depths:4 | Killed a caustic shrike
 73411 | Depths:4 | Noticed a caustic shrike
 73414 | Depths:4 | Noticed a caustic shrike
 73417 | Depths:4 | Noticed a caustic shrike
 73419 | Depths:4 | Noticed a caustic shrike
 73427 | Depths:4 | Noticed a caustic shrike
 73430 | Depths:4 | Killed a caustic shrike
 73430 | Depths:4 | Killed a caustic shrike
 73439 | Depths:4 | Killed a caustic shrike
 73440 | Depths:4 | Killed a caustic shrike
 73441 | Depths:4 | Reached skill level 19 in Invocations
 73446 | Depths:4 | Killed a caustic shrike
 73849 | Depths:4 | Reached XP level 24. HP: 190/234 MP: 36/36
 73919 | Depths:4 | Found a gate to the Realm of Zot.
 75176 | Slime:1  | Entered Level 1 of the Pits of Slime
 75771 | Slime:5  | Entered Level 5 of the Pits of Slime
 75833 | Slime:5  | Gained mutation: Your spells are a little easier to cast,
                  | but a little less powerful. [a shining eye]
 76676 | Slime:5  | Reached skill level 20 in Invocations
 77047 | Slime:5  | Noticed the Royal Jelly
 77186 | Slime:5  | Paralysed by a formless jellyfish for 1 turns
 77252 | Slime:5  | Found a viscous altar of Jiyva.
 77314 | Slime:5  | Found the +5 moon troll leather armour {Spirit, Regen++
                  | MP+5}
 78296 | Slime:5  | Killed the Royal Jelly
 78436 | Slime:5  | Identified the staff "Hulef" {^Drain rElec rF+ rN+ Necro
                  | Fire}
 78452 | Slime:5  | Got a slimy rune of Zot
 78512 | Slime:5  | Identified the +0 scale mail of a Hundred Wonders {rElec
                  | Will+ Str+3}
 78541 | Slime:5  | Identified the ring "Hihy" {Fly rCorr Str+3}
 79358 | Zot:1    | Entered Level 1 of the Realm of Zot
 80435 | Zot:1    | You fall into a shaft and drop 1 floor!
 80674 | Zot:2    | Reached skill level 21 in Invocations
 81975 | Zot:2    | Reached XP level 25. HP: 279/285 MP: 37/37
 82105 | Zot:2    | Reached skill level 22 in Invocations
 83651 | Zot:3    | Gained mutation: You are weak. (Str -2) [a shining eye]
 83652 | Zot:3    | Gained mutation: You occasionally lose the ability to read
                  | scrolls when taking damage. [a shining eye]
 83681 | Zot:3    | Reached skill level 23 in Invocations
 85473 | Zot:3    | Reached skill level 24 in Invocations
 85516 | Zot:3    | Identified the +1 ring mail of Ceqog {rC+ Stlth+}
 87776 | Zot:4    | Reached skill level 25 in Invocations
 88881 | Zot:5    | Entered Level 5 of the Realm of Zot
 89147 | Zot:5    | Reached skill level 26 in Invocations
 89597 | Zot:4    | Reached XP level 26. HP: 275/276 MP: 40/40
 89980 | Zot:5    | Noticed a Killer Klown
 89997 | Zot:5    | Killed a Killer Klown
 90605 | Zot:5    | Noticed an orb of fire
 90615 | Zot:5    | Killed an orb of fire
 90629 | Zot:5    | this ai
 90640 | Zot:5    | Noticed a Killer Klown
 90646 | Zot:5    | Killed a Killer Klown
 90647 | Zot:5    | Reached skill level 27 in Invocations
 90843 | Zot:5    | Noticed an orb of fire
 90851 | Zot:5    | Killed an orb of fire
 90853 | Zot:5    | Noticed an orb of fire
 90855 | Zot:5    | Gained mutation: You occasionally shout uncontrollably at
                  | your foes. [an orb of fire]
 90859 | Zot:5    | Killed an orb of fire
 90892 | Zot:5    | Noticed an orb of fire
 90901 | Zot:5    | Killed an orb of fire
 91208 | Zot:5    | Noticed a dread lich
 91221 | Zot:5    | Killed a dread lich
 91264 | Zot:5    | Noticed an ancient lich
 91331 | Zot:5    | Killed an ancient lich
 91381 | Zot:5    | Noticed an orb of fire
 91400 | Zot:5    | Killed an orb of fire
 91626 | Zot:5    | Noticed a dread lich
 91639 | Zot:5    | Killed a dread lich
 91756 | Zot:5    | Noticed an orb of fire
 91763 | Zot:5    | Gained mutation: Your flesh is cold resistant. (rC+) [an
                  | orb of fire]
 91764 | Zot:5    | thanks
 91767 | Zot:5    | Noticed an orb of fire
 91769 | Zot:5    | Killed an orb of fire
 91769 | Zot:5    | Gained mutation: Armour fits poorly on your strangely
                  | shaped body. [an orb of fire]
 91770 | Zot:5    | Reached skill level 15 in Armour
 91772 | Zot:5    | Killed an orb of fire
 91821 | Zot:5    | Noticed a Killer Klown
 91831 | Zot:5    | Killed a Killer Klown
 92371 | Zot:4    | Lost mutation: You are weak. (Str -2) [potion of mutation]
 92371 | Zot:4    | Lost mutation: Your spells are a little easier to cast, but
                  | a little less powerful. [potion of mutation]
 92371 | Zot:4    | Gained mutation: You have large cloven feet. [potion of
                  | mutation]
 92371 | Zot:4    | Gained mutation: You have hoof-like feet. [potion of
                  | mutation]
 92371 | Zot:4    | Gained mutation: Your mind is acute. (Int +4, Str/Dex -1)
                  | [potion of mutation]
 92372 | Zot:4    | Lost mutation: Your mind is acute. (Int +4, Str/Dex -1)
                  | [potion of mutation]
 92372 | Zot:4    | Lost mutation: You occasionally shout uncontrollably at
                  | your foes. [potion of mutation]
 92372 | Zot:4    | Lost mutation: You have hoof-like feet. [potion of
                  | mutation]
 92372 | Zot:4    | Gained mutation: You have a pair of horns on your head.
                  | [potion of mutation]
 92373 | Zot:4    | Lost mutation: You occasionally lose the ability to read
                  | scrolls when taking damage. [potion of mutation]
 92373 | Zot:4    | Lost mutation: Your flesh is cold resistant. (rC+) [potion
                  | of mutation]
 92373 | Zot:4    | Lost mutation: You have a pair of horns on your head.
                  | [potion of mutation]
 92373 | Zot:4    | Gained mutation: Your flesh is cold resistant. (rC+)
                  | [potion of mutation]
 92373 | Zot:4    | Gained mutation: You are partially covered in iridescent
                  | scales. (AC +2) [potion of mutation]
 92373 | Zot:4    | Gained mutation: You are dopey. (Int -2) [potion of
                  | mutation]
 92373 | Zot:4    | Gained mutation: You are robust. (+10% HP) [potion of
                  | mutation]
 92413 | Zot:4    | Lost mutation: You are partially covered in iridescent
                  | scales. (AC +2) [potion of mutation]
 92413 | Zot:4    | Lost mutation: Armour fits poorly on your strangely shaped
                  | body. [potion of mutation]
 92413 | Zot:4    | Lost mutation: You have large cloven feet. [potion of
                  | mutation]
 92413 | Zot:4    | Gained mutation: Your health recovers twice as slowly from
                  | being drained. [potion of mutation]
 92413 | Zot:4    | Gained mutation: You are very dopey. (Int -4) [potion of
                  | mutation]
 92413 | Zot:4    | Gained mutation: You have a pair of horns on your head.
                  | [potion of mutation]
 92904 | Zot:5    | Got the Orb of Zot
 93241 | D:10     | Noticed Tefuyfor the pandemonium lord
 93474 | D:1      | gg
 93475 | D:$      | Escaped with the Orb!

Illustrated notes

,,,,^,,** #...............# *
,,,,,,,,** *#.............## **
,,,,,,,,,** #.............# **,
,,,,,,,,,,* ##....^......## *,,
,,,,,,,,,^* #...........# *,,
,,,,,,,,,,* ##...........## *,,
,,,,,,,,,,* #.........P...# *,,
,,,,,,,,,,* ##.............## *,,
,,,,,,,,,,**#...@...........##*,,
,,,,,,,,,**#...###########...###,
,,,,,,,,*#....## ##....##
,,,,,,,.....##* ###...^
*******▓▓▓▓▓* #▓▓▓▓ ,,,,,,,,****
**** ,,,,,,,,,,,*** ***,,^
,,,,,,,,,,,,,** **,,,,,
,,,,,,,,,,,,,,* ********* *,,,,,,


Turn 90629 on Zot:5: this ai ▓........§...*.^.,,,,,,, ▓▓...○§..........,,,,,,,
▓▓^.○§§§§§....^.,,,,,,, ▓▓.☼D§§§§...^..,,,,,,, ▓▓..°§§§§§......,,,,,,^
▓▓.^°○○§*§§§§....,,,,,,, ▓...°P°§§§§§.....,,^,,,, ▓....P.°§§§§§....,,,,,,,
▓▓.....@..§§.....,,^,,,, ▓▓.....§.§§§....,,,,,** ▓▓▓▓.........^.,,****
▓▓▓▓▓▓▓▓▓▓▓▓*** Turn 91764 on Zot:5: thanks #.# #.# #... #.# #.# #.## ######
#.###.#. ##8.8### #...)..# #......# #####.#. #......# #.## ##..8...# #.##
#8......#### #.## #@......'..# #.#. #8......##.####... ##..8...#.........
#......#......... #......########## ##8.8### ##### Turn 93474 on D:1: gg

Levels and vault maps discovered:
D:1:      mrwooster_arrival_statue_3, layout_loops_ring
D:2:      layout_basic, basic_altar, minmay_misc_feat_tower,
          amcnicky_mini_corridor_feature, nrook_mini_backslash,
          hangedman_glass_teeth
D:3:      layout_rooms, serial_shops, shop, minmay_circle_x
D:4:      layout_cave_pods
D:5:      layout_loops_cross, lemuel_doored_altar, temple_hall,
          cheibrodos_sewer_entry_bend
D:6:      layout_rooms, kennysheep_mini, minmay_manual_monolith
D:7:      layout_basic, grunt_temple_overflow_cloverleaf,
          gammafunk_temple_overflow_statue, enter_bailey_5
D:8:      wad_woods_minihive, layout_rooms, david_lair_shrubbed, uniq_joseph
D:9:      layout_small_grid, lemuel_round_altar, orc_david_3, uniq_erica
D:10:     layout_rooms, trog_ov_bears_minmay
D:11:     lemuel_ice_statue, layout_loops_ring, minmay_lindwurm_lava
D:12:     layout_irregular_city, uniq_sonja
D:13:     layout_basic, uniq_nessos
D:14:     layout_basic, hangedman_vaults_entry_quadrant_bands,
          hangedman_abyss_or_decor_slice, trove_entry_hex_spiral
D:15:     grunt_enter_depths_hoard, layout_basic, minmay_misc_feat_room,
          nicolae_wu_jian_immortal_techniques
Lair:1:   layout_chaotic_city, infiniplex_staircase_pool, grunt_megastairs_5,
          serial_bayou_shore_a
Lair:2:   layout_regular_city, mainiacjoe_swamp_entry_angry_trees,
          lemuel_fruit_tree, grunt_megastairs_3
Lair:3:   layout_long_grid, nicolae_snake_entry_warm_welcome
Lair:4:   layout_regular_city, minmay_slime_entry_oklob_open,
          gammafunk_ghost_necromancy, serial_bayou_lake_a,
          infiniplex_staircase_pool_2, uniq_snorg
Lair:5:   guppyfry_lair_end_dragon, layout_cave_pods, wormcave
Swamp:1:  layout_basic_swamp, nicolae_swamp_dense_foliage, swamp_pool_1_2
Swamp:2:  layout_basic_swamp, evilmike_swamp_ruin_house_5
Swamp:3:  layout_basic_swamp, hangedman_swamp_ruin_wall,
          nicolae_swamp_bean_lake, uniq_bai_suzhen
Swamp:4:  swamp_alternative, layout_basic_swamp
Snake:1:  layout_rooms, serial_bayou, serial_bayou_shore_b,
          serial_bayou_shore_b, serial_bayou_crossing, serial_bayou_ford_a,
          serial_bayou_pond_a, drop_trap, uniq_rupert, uniq_louise, uniq_aizul
Snake:2:  layout_onion_interference, st_stairs_14, uniq_vashnia
Snake:3:  layout_chambers, nicolae_snake_snakewalk, minmay_shoptagon
Snake:4:  snake_pit_salamanders_mu, layout_cave_town,
          nicolae_snake_gridmaze_swirls, uniq_mlioglotl
Slime:1:  layout_caves
Slime:2:  layout_caves, nicolae_slime_ancient_tower_intersection
Slime:3:  layout_caves
Slime:4:  layout_caves
Slime:5:  slime_pit_nicolae_block_by_block
Orc:1:    layout_diamond_mine, nicolae_volcano_entry_vermiform, serial_shops,
          shop, uniq_jorgrun
Orc:2:    grunt_orc_cross, layout_caves, gauntlet_entry_generic, uniq_maurice
Elf:1:    layout_loops_cross, minmay_elf_demonology
Elf:2:    nicolae_elf_blades_crystal_corner, layout_loops_corners, uniq_asterion
Vaults:1: vaults_standard_mumra_enter_the_diamond, nicolae_vaults_wine_cellar,
          nicolae_vaults_shrinking_rooms_1, v_alt_pattern_5,
          vaults_room_stairs_pillars, nicolae_vaults_ring_of_whatevers,
          ontoclasm_vaults_claustrophobia, nicolae_vaults_specimen_jars,
          nicolae_vaults_tetromino_L_2, layout_vaults_big_room, serial_shops,
          shop, shop, nicolae_shop_waterfront, nicolae_shop_drivethru, shop
Vaults:2: v_misc_11, dpeg_vaults_monster_row, gargoyle_guard,
          nicolae_vaults_tangram_1, nicolae_vaults_ring_of_whatevers,
          minmay_crypt_entry_simple_sparse, nicolae_vaults_big_ls,
          vaults_room_door_hall, hangedman_vaults_stitches,
          nicolae_vaults_apartment_1, grunt_vaults_focal,
          nicolae_vaults_diagonal_hallway_9, layout_vaults_omnigrid
Vaults:3: nicolae_vaults_circle_grid_a, vaults_room_pool,
          ontoclasm_vaults_tryst, nicolae_vaults_storage_room_glass,
          nicolae_vaults_diamond_2, nicolae_vaults_sightless_eye, v_misc_11,
          nicolae_vaults_little_ls, nicolae_vaults_double_plus_3,
          nicolae_vaults_trapezoid_lopsided_1, nicolae_vaults_little_squares_3,
          nicolae_vaults_double_plus_2, nicolae_vaults_border_crossing,
          layout_vaults_omnicross
Vaults:4: vaults_standard_mumra_lines, v_misc_33, grunt_vaults_hallway_short,
          nicolae_vaults_know_your_exits, serial_ice_m,
          hangedman_vaults_corner_blocks, nicolae_vaults_storage_room_water,
          hangedman_vaults_locks, layout_vaults_maze_snakey, uniq_boris
Depths:1: kennysheep_four_of_diamonds, layout_basic, enter_ziggurat_a,
          nicolae_kite_square_tiling_tiny, hell_entry, nicolae_rare_books,
          grunt_ministairs_15
Depths:2: cell_vault, layout_long_grid, serial_bayou_shore_b,
          grunt_hell_entry_dis_mu, grunt_pan_entry_zigzag, minmay_shop_star,
          uniq_norris
Depths:3: lemuel_traditional_vault, layout_cave_shapes,
          pf_vacation_house_of_asmodeus, abyss_entry_flame_altar,
          hangedman_abyss_or_decor_lesser_grid
Depths:4: grunt_zot_entry_gee_three, layout_basic, lightli_too_deep,
          basic_altar, serial_glass, glass_columns_b, glass_columns_a,
          minmay_strange_pillars, due_unseen_surprise, minmay_strange_pillars,
          feat_on_display, abyss_entry
Zot:1:    layout_cellular_growth
Zot:2:    nicolae_zot_stationary_front, layout_misc_corridors,
          grunt_ministairs_8
Zot:3:    layout_misc_corridors, regret_index_zotdec_onion_hex,
          hellmonk_body_bag, grunt_megastairs_1
Zot:4:    layout_basic, regret_index_zotdec_twisting_globes
Zot:5:    layout_cathedral_of_symmetry, grunt_megastairs_2

Skill      XL: |  1  2  3  4  5  6  7  8  9 10 11 12 13 14 15 16 17 18 19 20 21 22 23 24 25 26 |
---------------+-------------------------------------------------------------------------------+-----
Fighting       | 2 3 4 5 8 9 11 12 14 15 16 17 18 20 22 23 24 | 24.2
Spellcasting   | 2 4 5 |  5.0
Hexes          | 3 |  3.0
Polearms       | 2 4 6 7 8 |  8.0
Throwing       | 1 2 3 4 7 10 11 12 13 14 16 17 19 20 21 22 24 | 24.0
Air Magic      | 1 2 |  2.0
Alchemy        | 1 2 3 4 |  4.0
Invocations    | 2 5 8 9 10 12 13 14 16 19 21 26 27 | 27.0
Shields        | 3 6 7 8 9 11 13 14 | 14.0
Evocations     | 2 6 |  6.0
Maces & Flails | 2 6 10 12 | 12.0
Armour         | 4 6 7 9 11 13 14 16 | 16.0
Dodging        | 2 5 7 |  7.0
Ranged Weapons | |  1.3
Fire Magic     | |  0.8

Action                     |  1- 3 |  4- 6 |  7- 9 | 10-12 | 13-15 | 16-18 | 19-21 | 22-24 | 25-27 || total
---------------------------+-------+-------+-------+-------+-------+-------+-------+-------+-------++-------
  Melee: Trident           |       |    68 |   148 |   848 |    60 |       |       |       |       ||  1124
         Headbutt          |       |    10 |    29 |   189 |   510 |   481 |   814 |   835 |   315 ||  3183
         Halberd           |       |       |    75 |    22 |       |       |       |       |       ||    97
         Demon whip        |       |       |       |     7 |  1820 |  1750 |  2313 |  2086 |   793 ||  8769
   Fire: Sling             |   128 |   229 |       |       |       |       |       |       |       ||   357
  Throw: Dart              |       |     7 |    15 |    58 |    69 |    14 |    17 |       |       ||   180
         Large rock        |       |       |    10 |    24 |    12 |   129 |    79 |   413 |   342 ||  1009
         Boomerang         |       |       |    13 |       |    11 |       |    29 |       |       ||    53
         Throwing net      |       |       |       |     1 |       |       |       |     1 |       ||     2
         Javelin           |       |       |       |       |       |       |       |    23 |       ||    23
   Cast: Jinxbite          |     3 |     8 |       |       |       |       |       |       |       ||    11
         Mercury Vapours   |       |     1 |    60 |   115 |    25 |       |       |       |       ||   201
 Invoke: Wall of Briars    |       |     2 |     5 |    15 |     7 |     8 |     7 |     4 |     3 ||    51
         Grow Ballistomyce |       |       |       |     1 |     5 |    10 |     2 |     4 |       ||    22
         Grow Oklob        |       |       |       |       |     1 |       |       |     1 |    10 ||    12
         Overgrow          |       |       |       |       |       |       |     1 |       |       ||     1
  Evoke: Wand              |       |       |       |     3 |     7 |     6 |     2 |     9 |     9 ||    36
         Lightning rod     |       |       |       |       |       |       |     1 |     6 |       ||     7
         Tin of tremorston |       |       |       |       |       |       |     1 |       |       ||     1
         Phial of floods   |       |       |       |       |       |       |       |     1 |       ||     1
    Use: Scroll            |     2 |     3 |     5 |    12 |    14 |     7 |    10 |    13 |     6 ||    72
         Potion            |     1 |       |       |     1 |     4 |     1 |     1 |     3 |    18 ||    29
   Stab: Distracted        |       |       |     1 |       |       |       |       |     2 |     1 ||     4
         Confused          |       |       |       |       |     6 |     2 |     2 |       |       ||    10
 Armour: Robe              |    45 |   128 |       |       |       |       |       |       |       ||   173
         Troll leather arm |       |       |   330 |   773 |   374 |       |       |       |       ||  1477
         Acid dragon scale |       |       |       |    23 |       |       |       |       |       ||    23
         Fire dragon scale |       |       |       |       |   778 |  1072 |   298 |       |       ||  2148
         Storm dragon scal |       |       |       |       |       |       |   650 |   839 |       ||  1489
         Gold dragon scale |       |       |       |       |       |       |       |   304 |   611 ||   915
  Dodge: Dodged            |    38 |    97 |   204 |   315 |   309 |   360 |   264 |   233 |    76 ||  1896
  Block: Kite shield       |       |       |       |   572 |  1334 |  1341 |   276 |       |       ||  3523
         Reflection        |       |       |       |       |    48 |   145 |   133 |    19 |    11 ||   356
         Tower shield      |       |       |       |       |       |       |  1497 |  1839 |   718 ||  4054
